 Dungeon Crawl Stone Soup version 0.29-a0-330-g52719c12eb (webtiles) character file.

Game seed: 9841548692426206129

1249 night the Archer (level 8, -1/50 HPs)
             Began as an Octopode Hunter on May 16, 2022.
             Was a Priest of Nemelex Xobeh.
             Engulfed by a steam dragon's steam (6 damage)
             ... on level 6 of the Dungeon on May 17, 2022.
             The game lasted 00:10:59 (4380 turns).

night the Archer (Octopode Hunter)                  Turns: 4380, Time: 00:10:59

Health: -1/50      AC:  1    Str: 10    XL:     8   Next: 50%
Magic:  0/11       EV: 13    Int: 13    God:    Nemelex Xobeh [***...]
Gold:   863        SH:  0    Dex: 16    Spells: 7/7 levels left

rFire   . . .      SeeInvis .   a - +1 shortbow
rCold   . . .      Faith    .   (shield currently unavailable)
rNeg    + . .      Spirit   +   (helmet restricted)
rPois   .          Reflect  .   e - amulet of guardian spirit
rElec   .          Harm     .   k - ring of resist corrosion
rCorr   +          Rampage  .   v - ring of positive energy
Will    .....                   (no ring)
Stlth   +++++.....              (no ring)
HPRegen 0.16/turn               (no ring)
MPRegen 0.12/turn               (no ring)
                                (no ring)
                                (no ring)

@: elixired
A: almost no armour, amphibious, 8 rings, camouflage 1, gelatinous body 1,
(nimble swimmer 1), tentacles
a: Renounce Religion, Draw Escape, Draw Destruction, Draw Summoning, Triple Draw


You were on level 6 of the Dungeon.
You worshipped Nemelex Xobeh.
Nemelex Xobeh was most pleased with you.
You visited 1 branch of the dungeon, and saw 6 of its levels.

You collected 983 gold pieces.
You spent 120 gold pieces at shops.

Inventory:

Hand Weapons
 a - a +1 shortbow (weapon)
Missiles
 h - 155 stones (quivered)
 q - 7 boomerangs
Jewellery
 e - an amulet of guardian spirit (around mantle)
 k - a ring of resist corrosion (left tentacle)
 v - a ring of positive energy (right tentacle)
 w - a ring of magical power
Wands
 l - a wand of mindburst (11)
 s - a wand of flame (10)
Scrolls
 b - a scroll of immolation
 c - a scroll of magic mapping
 d - a scroll of vulnerability
 f - a scroll of noise
 g - 3 scrolls of blinking
 j - a scroll of fear
 o - a scroll of fog
 p - 2 scrolls of teleportation
Potions
 i - 2 potions of attraction {unknown}
 m - 2 potions of heal wounds
 n - a potion of haste {unknown}
 r - 2 potions of curing
 t - a potion of might {unknown}
 u - 2 potions of resistance {unknown}


   Skills:
 - Level 2.0 Fighting
 * Level 8.4 Bows
 - Level 2.0 Dodging
 + Level 6.9 Stealth
 + Level 5.0 Invocations


You had 7 spell levels left.
You didn't know any spells.
Your spell library contained the following spells:

 Spells                   Type           Power      Damage    Failure   Level
 Summon Small Mammal      Summ           0%         N/A       30%         1
 Call Canine Familiar     Summ           0%         N/A       67%         3
 Summon Guardian Golem    Hex/Summ       0%         N/A       67%         3


Dungeon Overview and Level Annotations

Branches:
Dungeon (6/15)
 Temple: D:4-7

Altars:
Nemelex Xobeh

Shops:
D:3 ?


Innate Abilities, Weirdness & Mutations

You cannot wear most types of armour.
You are amphibious.
You can wear up to eight rings at the same time.
Your skin changes colour to match your surroundings (Stealth+).
Your rubbery body absorbs attacks. (AC +1, EV +1)
((You are camouflaged when in or above water. (Stealth+)))
You have tentacles for arms and can constrict up to eight enemies at once.


Message History

You climb upwards.
There is a stone staircase leading down here.
You shoot an arrow. The arrow hits the jelly!
You kill the jelly!
You climb downwards.
There is a stone staircase leading up here.
Things that are here:
a +0 antimagic hand axe; an orc corpse You shoot an arrow.
The arrow hits the hound!
The hound barks!
The hound is severely wounded.
You shoot an arrow. The arrow hits the hound!
You kill the hound!
Your Invocations skill increases to level 5!
A steam dragon comes into view.
You shoot an arrow. The arrow hits the steam dragon.
The steam dragon hisses angrily.
The steam dragon is lightly wounded.
You shoot an arrow. The arrow hits the steam dragon.
The steam dragon is lightly wounded.
You shoot an arrow.
The arrow hits the steam dragon but does no damage.
The steam dragon is lightly wounded.
You shoot an arrow.
The arrow closely misses the steam dragon.
You shoot an arrow.
The arrow barely misses the steam dragon.
The steam dragon bites you. The steam dragon claws you.
The steam dragon breathes steam at you. The ball of steam hits you!
You are engulfed in a cloud of scalding steam.
The steam dragon breathes steam at you. The ball of steam hits you!!
* * * LOW HITPOINT WARNING * * *
You draw a card...
You have drawn the Elixir.
You begin rapidly regenerating health and magic.
The deck of cards glows slightly and disappears.
You are engulfed in a cloud of scalding steam.
You die...
Your body disappears without a glow.

##.....#.....#.......#
##....................#
#.............†.......#
#..).............<....#
#......<..............#
#......§§§.§..........#
#.....§§§§§..............
#...>..§.§§§..........###
##.......@§...........#
##......§....#.......#
######D#...######.###
#§#...# #.#...# .......#
.......# ......... ....#


You could see a steam dragon (catching breath).

Vanquished Creatures
  A black bear (D:5)
  2 ogres
  2 phantoms (D:5)
  A scorpion (D:4)
  A necrophage (D:5)
  4 hounds
  An orc priest (D:5)
  2 jellies (D:5)
  2 iguanas
  2 orc wizards
  5 adders
  A river rat (D:5)
  2 worms
  11 orcs
  11 ball pythons
  10 endoplasms
  5 giant cockroaches
  8 goblins
  5 hobgoblins
  7 jackals (D:2)
  5 kobolds
  3 quokkas
  5 bats
  4 frilled lizards
  2 rats
102 creatures vanquished.

Vanquished Creatures (collateral kills)
  A yak (D:4)
  An ogre (D:5)
  An adder (D:5)
  2 orcs (D:5)
5 creatures vanquished.

Vanquished Creatures (others)
  8 fungi (D:4)
8 creatures vanquished.

Grand Total: 115 creatures vanquished

Notes
Turn   | Place    | Note
-------+----------+-------------------------------------------
     0 | D:1      | night the Octopode Hunter began the quest for the Orb.
     0 | D:1      | Reached XP level 1. HP: 14/14 MP: 1/1
   133 | D:1      | Reached XP level 2. HP: 18/19 MP: 2/2
   299 | D:1      | Found a faded altar of an unknown god.
   314 | D:1      | Prayed at the altar of an unknown god.
   314 | D:1      | Became a worshipper of Nemelex Xobeh the Trickster
   314 | D:1      | Reached * piety under Nemelex Xobeh
   314 | D:1      | Received a gift from Nemelex Xobeh
   793 | D:2      | Reached XP level 3. HP: 24/24 MP: 3/3
   931 | D:2      | Reached skill level 5 in Bows
   932 | D:2      | Reached skill level 2 in Stealth
  1004 | D:2      | Reached ** piety under Nemelex Xobeh
  1133 | D:2      | Reached skill level 1 in Invocations
  1263 | D:3      | Reached XP level 4. HP: 29/29 MP: 4/4
  1630 | D:3      | Received a gift from Nemelex Xobeh
  1722 | D:3      | Found Maskolae's Magic Scroll Boutique.
  1727 | D:3      | Reached XP level 5. HP: 34/34 MP: 6/6
  1728 | D:3      | Identified a scroll of acquirement
  1728 | D:3      | Acquired 755 gold pieces
  1741 | D:3      | Bought a scroll of magic mapping for 38 gold pieces
  1741 | D:3      | Bought a scroll of blinking for 82 gold pieces
  1848 | D:4      | Reached skill level 2 in Invocations
  1857 | D:3      | Reached skill level 6 in Bows
  2009 | D:4      | Reached XP level 6. HP: 33/39 MP: 7/7
  2098 | D:4      | Noticed a yak
  2210 | D:4      | Identified the -2 quarterstaff of Wyrd {freeze, *Rage rPois
                  | rCorr Str+4}
  2222 | D:4      | Killed a yak
  2223 | D:4      | Reached XP level 7. HP: 31/45 MP: 7/9
  2956 | D:5      | Entered Level 5 of the Dungeon
  2965 | D:5      | Reached skill level 5 in Stealth
  3032 | D:5      | Reached skill level 7 in Bows
  3128 | D:5      | HP: 6/45 [phantom (7)]
  3129 | D:5      | HP: 2/45 [phantom (4)]
  3131 | D:5      | Reached XP level 8. HP: 2/50 MP: 3/11
  3682 | D:5      | Reached *** piety under Nemelex Xobeh
  3714 | D:5      | Reached skill level 8 in Bows
  4365 | D:6      | Reached skill level 5 in Invocations
  4379 | D:6      | HP: 5/50 [steam dragon/ball of steam (20)]
  4380 | D:6      | Engulfed by a steam dragon's steam

Illustrated notes

Levels and vault maps discovered:
D:1:      scummos_arrival_checkerplants, layout_basic,
          shapermc_ecumenical_altar_mp_highgroup, minmay_box_of_dots
D:2:      layout_basic
D:3:      layout_rooms, serial_shops, shop
D:4:      layout_rooms, serial_aquarium, aquarium_bridge_island_small
          [aquarium_subvault_small_open, aquarium_subvault_bridge,
          aquarium_subvault_window, aquarium_subvault_wall,
          aquarium_subvault_bridge], aquarium_window_fake, aquarium_window_1,
          aquarium_window_1, aquarium_window_corridor_3, aquarium_view_2c,
          aquarium_pool_five
D:5:      minmay_angry_zag, layout_basic, cheibrodos_sewer_entry_bend
D:6:      layout_rooms, lemuel_doored_altar, minitemple

Skill      XL: |  1  2  3  4  5  6  7  8 |
---------------+-------------------------+-----
Bows           | 5 6 7 8 |  8.4
Stealth        | 2 3 4 6 |  6.9
Invocations    | 1 2 3 4 5 |  5.0
Fighting       | |  2.0
Dodging        | |  2.0

Action                   |  1- 3 |  4- 6 |  7- 9 || total
-------------------------+-------+-------+-------++-------
Melee: Unarmed           |       |     5 |       ||     5
       Tentacles         |       |     1 |       ||     1
       Constrict         |       |     1 |       ||     1
 Fire: Shortbow          |    92 |    91 |   136 ||   319
Throw: Stone             |       |       |     2 ||     2
Invok: Draw Destruction  |       |     2 |     3 ||     5
       Draw Summoning    |       |     1 |     2 ||     3
       Draw Escape       |       |       |     2 ||     2
  Use: Scroll            |       |     7 |     2 ||     9
       Potion            |       |       |     1 ||     1
Armor: Skin              |     1 |     1 |     5 ||     7
Dodge: Dodged            |    12 |    29 |    43 ||    84

Table legend: (Time is in decaauts)
 A = Elapsed time spent in this place.
 B = Non-inter-level travel time spent in this place.
 C = Inter-level travel time spent in this place.
 D = Time resting spent in this place.
 E = Time spent auto-exploring this place.
 F = Levels seen in this place.
 G = Mean time per level.
                   A        B        C        D        E       F      G
               +--------+--------+--------+--------+--------+-----+--------+
         Total |   4439 |   4283 |    156 |    599 |   2871 |   6 |  739.8 |
       Dungeon |   4439 |   4283 |    156 |    599 |   2871 |   6 |  739.8 |
               +--------+--------+--------+--------+--------+-----+--------+

Top non-repeatable levels by time:
     D:5: 1400 daAuts
     D:4: 862 daAuts
     D:3: 853 daAuts
     D:1: 768 daAuts
     D:2: 515 daAuts
     D:6: 38 daAuts
